 Dungeon Crawl Stone Soup version 0.28-a0-268-g3f656e82c2 (webtiles) character file.

Game seed: 15137227260796554956

4 Malachi the Insei (level 1, 0/15 HPs)
             Began as a Demonspawn Transmuter on Aug 28, 2021.
             Killed from afar by a dart slug (3 damage)
             ... with a slug dart
             ... on level 1 of the Dungeon.
             The game lasted 00:00:22 (191 turns).

Malachi the Insei (Demonspawn Transmuter)            Turns: 191, Time: 00:00:23

Health: 0/15       AC:  2    Str: 10    XL:     1   Next: 58%
Magic:  3/3        EV: 12    Int: 14    God:
Gold:   0          SH:  0    Dex: 13    Spells: 3/4 levels left

rFire   . . .      SeeInvis .     - Unarmed
rCold   . . .      Faith    .   (no shield)
rNeg    . . .      Spirit   .   a - +0 robe
rPois   .          Reflect  .   (no helmet)
rElec   .          Harm     .   (no cloak)
rCorr   .          Rampage  .   (no gloves)
Will    .....                   (no boots)
Stlth   +.........              (no amulet)
HPRegen 0.05/turn               (no ring)
MPRegen 0.08/turn               (no ring)

@: no status effects
A: no striking features
a: no special abilities


You were on level 1 of the Dungeon.
You visited 1 branch of the dungeon, and saw 1 of its levels.

Inventory:

Missiles
 b - a throwing net
Armour
 a - a +0 robe (worn)
Scrolls
 c - 2 scrolls of identify {unknown}


   Skills:
 - Level 1.0 Fighting
 - Level 1.7 Dodging
 * Level 2.8 Unarmed Combat
 - Level 2.0 Spellcasting
 * Level 1.9 Transmutations
 * Level 0.4 Poison Magic


You had 3 spell levels left.
You knew the following spells:

 Your Spells              Type           Power      Damage    Failure   Level
a - Beastly Appendage     Tmut           12%        N/A       11%         1

Your spell library contained the following spells:

 Spells                   Type           Power      Damage    Failure   Level
 Wereblood                Tmut           6%         N/A       16%         2
 Spider Form              Tmut/Pois      2%         N/A       41%         3
 Frozen Ramparts          Ice            2%         1d2       56%         3
 Ice Form                 Ice/Tmut       4%         N/A       85%         4
 Summon Ice Beast         Ice/Summ       1%         N/A       93%         4


Dungeon Overview and Level Annotations

Branches:
Dungeon (1/15)

Altars:


Message History

The dart slug misses you. The goblin hits you with a +0 club.
You closely miss the goblin.
The goblin is severely wounded.
The goblin hits you but does no damage.
You hit the goblin.
You kill the goblin!
The dart slug closely misses you.
You hit the dart slug. You claw the dart slug.
The dart slug is moderately wounded.
The dart slug bites you.
You are too injured to fight recklessly!
You are too injured to fight recklessly!
You are too injured to fight recklessly!
You are too injured to fight recklessly!
You are too injured to fight recklessly!
You are too injured to fight recklessly!
You are too injured to fight recklessly!
You are too injured to fight recklessly!
You are too injured to fight recklessly!
You are too injured to fight recklessly!
You are too injured to fight recklessly!
You are too injured to fight recklessly!
You are too injured to fight recklessly!
You are too injured to fight recklessly!
You are too injured to fight recklessly!
Unknown command.
You hit the dart slug.
You headbutt the dart slug, but do no damage.
The dart slug is heavily wounded.
Your horns disappear.
Your talons disappear.
You hit the dart slug.
The dart slug is heavily wounded.
The dart slug launches a dart at you. The slug dart hits you.
* * * LOW HITPOINT WARNING * * *
You hit the dart slug.
The dart slug is severely wounded.
The dart slug launches a dart at you. The slug dart hits you.
You die...

########### #.#
..........# #.#
..........# #.#
########..# #.#
##.#.......# #.#
..#.#####.####.#
#.#.##.........###
..#.###w#..............#
......)@................
#.#.###.....#########...
......## ##.. .......##
####### ##.
#...#..##.##.....## ##
........#.##.#####.## #
##...#..#.#.##...##.# #
#...#..#.#.#.###.#)# #
##...#..#.#≈#.#<'.#.# #


You could see a dart slug.

Vanquished Creatures
  2 bats (D:1)
  A quokka (D:1)
  A goblin (D:1)
4 creatures vanquished.

Notes
Turn   | Place    | Note
-------+----------+-------------------------------------------
     0 | D:1      | Malachi the Demonspawn Transmuter began the quest for the
                  | Orb.
     0 | D:1      | Reached XP level 1. HP: 15/15 MP: 3/3
   191 | D:1      | Killed from afar by a dart slug

Illustrated notes

Levels and vault maps discovered:
D:1:      evilmike_arrival_rings, layout_basic

Action                   || total
-------------------------++-------
Melee: Unarmed           ||    21
       Headbutt          ||     3
       Kick              ||     2
 Cast: Beastly Appendage ||     4
Armor: Robe              ||     8
Dodge: Dodged            ||    19

Table legend: (Time is in decaauts)
 A = Elapsed time spent in this place.
 B = Non-inter-level travel time spent in this place.
 C = Inter-level travel time spent in this place.
 D = Time resting spent in this place.
 E = Time spent auto-exploring this place.
 F = Levels seen in this place.
 G = Mean time per level.
                   A        B        C        D        E       F      G
               +--------+--------+--------+--------+--------+-----+--------+
         Total |    189 |    189 |      0 |      0 |    148 |   1 |  189.0 |
       Dungeon |    189 |    189 |      0 |      0 |    148 |   1 |  189.0 |
               +--------+--------+--------+--------+--------+-----+--------+

Top non-repeatable levels by time:
     D:1: 189 daAuts
